 Dungeon Crawl Stone Soup version 0.29-a0-330-g52719c12eb (webtiles) character file.

Game seed: 9822560507088576413

27 YorkGangsta the Skirmisher (level 2, 1/22 (24) HPs)
             Began as a Demonspawn Abyssal Knight on May 25, 2022.
             Was a Believer of Lugonu.
             Quit the game on level 3 of the Dungeon.
             The game lasted 00:10:24 (826 turns).

YorkGangsta the Skirmisher (DsAK)                    Turns: 826, Time: 00:10:25

HP:   1/22 (24)     AC:  7    Str: 13    XL:     2   Next: 93%
MP:   1/4           EV:  9    Int: 11    God:    Lugonu [**....]
Gold: 84            SH:  0    Dex: 13    Spells: 1/1 levels left

rFire   . . .      SeeInvis .   f - +0 war axe
rCold   . . .      Faith    .   (no shield)
rNeg    . . .      Spirit   .   d - +0 scale mail
rPois   .          Reflect  .   (no helmet)
rElec   .          Harm     .   (no cloak)
rCorr   .          Rampage  .   (no gloves)
Will    .....                   (no boots)
Stlth   ..........              (no amulet)
HPRegen 0.07/turn               (no ring)
MPRegen 0.09/turn               (no ring)

@: attractive, drained
A: sharp scales 1
a: Renounce Religion, Depart the Abyss, Bend Space


You were on level 3 of the Dungeon.
You worshipped Lugonu.
Lugonu was pleased with you.
You visited 1 branch of the dungeon, and saw 3 of its levels.
You visited the Abyss 1 time.

You collected 84 gold pieces.

Inventory:

Hand Weapons
 a - a +1 falchion
 f - a +0 war axe (weapon)
Armour
 b - a +0 leather armour
 d - a +0 scale mail (worn)
Jewellery
 c - a ring of protection from fire
Scrolls
 e - a scroll of fog {unknown}
 g - 3 scrolls of identify {unknown}
Potions
 i - a potion of attraction


   Skills:
 + Level 3.5 Fighting
 + Level 2.0 Long Blades
 + Level 0.1 Axes
 + Level 1.9 Armour
 + Level 1.0 Dodging
 * Level 3.3 Invocations


You had one spell level left.
You didn't know any spells.
Your spell library contained the following spells:

 Spells                   Type           Power      Damage    Failure   Level
 Frozen Ramparts          Ice            0%         1d2       99%         3
 Ice Form                 Ice/Tmut       0%         N/A       100%        4
 Summon Ice Beast         Ice/Summ       0%         N/A       100%        4


Dungeon Overview and Level Annotations

Branches:
Dungeon (3/15)

Altars:


Innate Abilities, Weirdness & Mutations

You are partially covered in razor-sharp scales. (AC +1, Slay +1)


Message History

The hobgoblin is almost dead.
The hobgoblin barely misses you.
You slash the hobgoblin!
You kill the hobgoblin!
Lugonu accepts your kill. The necrophage hits you.
You feel drained.
The hobgoblin hits you but does no damage.
You hit the hobgoblin.
You kill the hobgoblin!
Lugonu accepts your kill.
You closely miss the necrophage. The necrophage hits you.
Things that are here:
a hobgoblin corpse; a hobgoblin corpse The necrophage attacks as you move away!
The necrophage hits you.
* * * LOW HITPOINT WARNING * * *
You feel drained.
Okay, then.
Activating: Bend Space (4% risk of failure)
Press: ? - help, Q - select action, (/) - cycle Dir - look around, f - activate Space bends around you!
You blink.
A dart slug comes into view.
Found 12 gold pieces.
It was a potion of attraction.
You feel attractive to monsters. The necrophage is attracted toward you.
The dart slug is attracted toward you.
Activating: Bend Space (4% risk of failure)
Press: ? - help, Q - select action, (/) - cycle Dir - look around, f - activate Space bends around you!
You blink.
The dart slug bites you but does no damage.
The necrophage is attracted toward you.
As you read the scroll labelled YSYASU JAOPA, it crumbles to dust.
You hear a loud clanging noise!
It was a scroll of noise.
You hear a shout!
You hear an angry hiss.
You hear a shout!
You hear an angry hiss.
You hear a shout!
The necrophage hits you but does no damage.
The dart slug closely misses you. The necrophage barely misses you.
Okay, then.
Are you sure you want to abandon this character and quit the game? (Confirm with "yes".)

###########
#.........
#.......#
#.......####
#..$@....... ##
#.##.#n####### .
#.....w....#
......#.###.######
#######.#...§..†.#
#.#.#.####.# #.# #
#.# #.. #.# . ###
#.####.#######


You could see a necrophage and a dart slug.

Vanquished Creatures
  An adder (D:2)
  3 orcs (D:2)
  An endoplasm (D:1)
  3 hobgoblins
  A bat (D:1)
  A frilled lizard (D:1)
  2 kobolds
  5 rats
17 creatures vanquished.

Notes
Turn   | Place    | Note
-------+----------+-------------------------------------------
     0 | Abyss:1  | YorkGangsta the Demonspawn Abyssal Knight began the quest
                  | for the Orb.
     0 | Abyss:1  | Reached XP level 1. HP: 18/18 MP: 2/2
    19 | D:1      | Escaped the Abyss
   356 | D:2      | Gained mutation: You are partially covered in razor-sharp
                  | scales. (AC +1, Slay +1) [demonic ancestry]
   356 | D:2      | Reached XP level 2. HP: 14/24 MP: 3/3
   511 | D:2      | Identified the +4 dagger "Peri" {spect, Int+4 Dex-3 SInv}
   690 | D:2      | Reached skill level 1 in Dodging
   783 | D:3      | Found a faded altar of an unknown god.
   791 | D:3      | Noticed a necrophage
   826 | D:3      | Quit the game

Illustrated notes

Levels and vault maps discovered:
D:1:      lemuel_arrival_broad_hall, layout_loops_cross, serial_forest,
          infiniplex_forest_end_2, infiniplex_forest_clump_medium,
          infiniplex_forest_corner_1, infiniplex_forest_straight_3,
          infiniplex_forest_zigzag_1, infiniplex_forest_lined_room_,
          infiniplex_forest_straight_5, infiniplex_forest_lined_room_2
D:2:      layout_loops_corners
D:3:      layout_basic, nicolae_ecumenical_oubliette

Skill      XL: |  1  2 |
---------------+-------+-----
Invocations    | 3 |  3.3
Long Blades    | 2 |  2.0
Dodging        | 1 |  1.0
Fighting       | |  3.5
Axes           | |  0.1
Armour         | |  1.9

Action                   || total
-------------------------++-------
Melee: Falchion          ||    35
       War axe           ||    12
Invok: Bend Space        ||     6
  Use: Scroll            ||     2
       Potion            ||     1
Armor: Scale mail        ||    20
       Leather armour    ||     5
Dodge: Dodged            ||    26

Table legend: (Time is in decaauts)
 A = Elapsed time spent in this place.
 B = Non-inter-level travel time spent in this place.
 C = Inter-level travel time spent in this place.
 D = Time resting spent in this place.
 E = Time spent auto-exploring this place.
 F = Levels seen in this place.
 G = Mean time per level.
                   A        B        C        D        E       F      G
               +--------+--------+--------+--------+--------+-----+--------+
         Total |    837 |    243 |    594 |      0 |      0 |   4 |  209.2 |
       Dungeon |    818 |    224 |    594 |      0 |      0 |   3 |  272.7 |
         Abyss |     19 |     19 |      0 |      0 |      0 |   1 |   19.0 |
               +--------+--------+--------+--------+--------+-----+--------+

Top non-repeatable levels by time:
     D:2: 435 daAuts
     D:1: 338 daAuts
     D:3: 45 daAuts
 Abyss:1: 19 daAuts
